[Event "Titled Tuesday Blitz March 08 Early 2022"]
[White "Chernomordik, Pavel"]
[Black "Sahin, Handenur"]
[WhiteFideId "2804530"]
[BlackFideId "6334865"]
[WhiteElo "2249"]
[BlackElo "2169"]
[Result "1-0"]
[Round "02"]
[TimeControl "180+1"]
[Date "2022.03.09"]
[WhiteClock "0:00:55"]
[BlackClock "0:00:19"]

1. e4 e5 2. Nf3 Nc6 3. Bb5 a6 4. Ba4 Nf6 5. Qe2 b5 6. Bb3 Be7 7. a4 b4 8. d4 d6 9. Qc4 O-O 10. Qxc6 Bg4 11. Nbd2 exd4 12. Nxd4 d5 13. Bxd5 Nxd5 14. Qxd5 Bd6 15. N2f3 c5 16. Nf5 Bxf5 17. Qxf5 g6 18. Qd5 Qc7 19. O-O Rad8 20. Qc4 Rfe8 21. Bg5 Rd7 22. Rad1 h6 23. Bxh6 Red8 24. Bg5 Bxh2+ 25. Nxh2 Rxd1 26. Bxd8 Qxd8 27. Qxa6 Rd2 28. Qc4 Qf6 29. Qxc5 Qxb2 30. Qc8+ Kg7 31. a5 Rxc2 32. Qb7 b3 33. a6 Rc1 34. a7 Rxf1+ 35. Nxf1 Qa2 36. a8=Q b2 37. Qxa2 1-0


[Site "https://www.chess.com"]

[Event "Titled Tuesday Blitz March 08 Early 2022"]
[White "Chernov, Alexander A."]
[Black "Shuvalov, Evgenij"]
[WhiteFideId "4152492"]
[BlackFideId "4187237"]
[WhiteElo "1956"]
[BlackElo "2151"]
[Result "0-1"]
[Round "02"]
[TimeControl "180+1"]
[Date "2022.03.09"]
[WhiteClock "0:02:02"]
[BlackClock "0:01:59"]

1. e4 e6 2. d4 d5 3. Nd2 c5 4. exd5 exd5 5. Ngf3 Nc6 6. Bb5 Qe7+ 7. Be2 Qc7 8. O-O Nf6 9. Re1 Be6 10. Bb5 O-O-O 11. c3 Bg4 12. Be2 h5 13. dxc5 Bxc5 14. Nb3 Bd6 15. Nbd4 Nxd4 16. cxd4 Bxf3 17. Bxf3 Bxh2+ 18. Kh1 Ng4 19. Bg5 Nxf2# 0-1


[Site "https://www.chess.com"]

[Event "Titled Tuesday Blitz March 08 Early 2022"]
[White "Corrales Jimenez, Fidel"]
[Black "Pein, Jonathan"]
[WhiteFideId "3506690"]
[BlackFideId "417092"]
[WhiteElo "2541"]
[BlackElo "2140"]
[Result "1-0"]
[Round "02"]
[TimeControl "180+1"]
[Date "2022.03.09"]
[WhiteClock "0:00:40"]
[BlackClock "0:00:02"]

1. e4 e5 2. Nf3 d6 3. d4 exd4 4. Nxd4 Nf6 5. Nc3 g6 6. g3 Bg7 7. Bg2 O-O 8. O-O Nc6 9. Nde2 Re8 10. h3 Bd7 11. a4 a6 12. Kh2 Rb8 13. Be3 b5 14. axb5 axb5 15. f3 b4 16. Na4 d5 17. Nc5 dxe4 18. fxe4 Ne5 19. Nxd7 Nfxd7 20. b3 Nf6 21. Nf4 Qxd1 22. Raxd1 Nfg4+ 23. hxg4 Nxg4+ 24. Kh3 Nxe3 25. Rd7 Nxf1 26. Bxf1 Rxe4 27. Bc4 Rf8 28. Nd5 c5 29. Kg2 Bb2 30. Kf3 Re5 31. Rc7 Bd4 32. g4 Kg7 33. Nf4 Re3+ 34. Kg2 Rc3 35. Ne6+ Kg8 36. Nxf8 Kxf8 37. Rxf7+ Ke8 38. Rxh7 Rxc2+ 39. Kf3 g5 40. Ke4 Rf2 41. Kd5 Rf4 42. Kd6 Rf6+ 43. Be6 Kf8 44. Kd7 Be5 45. Re7 Rf4 46. Re8+ Kg7 47. Rg8+ Kh7 48. Rc8 Bd4 49. Ke7 Re4 50. Kf7 Rf4+ 51. Bf5+ Kh6 52. Rc6+ 1-0


[Site "https://www.chess.com"]

[Event "Titled Tuesday Blitz March 08 Early 2022"]
[White "Costachi, Mihnea"]
[Black "Agasarov, Benik"]
[WhiteFideId "1217518"]
[BlackFideId "13314823"]
[WhiteElo "2464"]
[BlackElo "2564"]
[Result "1-0"]
[Round "02"]
[TimeControl "180+1"]
[Date "2022.03.09"]
[WhiteClock "0:00:29"]
[BlackClock "0:00:15"]

1. d4 d5 2. Bf4 Nf6 3. e3 e6 4. Nf3 Bd6 5. Bg3 c5 6. c3 Qc7 7. Nbd2 Nbd7 8. Bd3 b6 9. O-O Bb7 10. a4 a6 11. Qe2 e5 12. dxe5 Nxe5 13. Nxe5 Bxe5 14. e4 Bxg3 15. exd5+ Be5 16. Rfe1 O-O 17. Qxe5 Qxe5 18. Rxe5 Bxd5 19. Rae1 Be6 20. Bc4 Bxc4 21. Nxc4 b5 22. axb5 axb5 23. Nd6 Ra2 24. Rxc5 Rxb2 25. Rxb5 Rxb5 26. Nxb5 h5 27. Re5 Rc8 28. f3 g6 29. Kf2 Kg7 30. Ke2 Nd7 31. Re3 Nb6 32. Nd6 Rc6 33. Rd3 Na4 34. c4 Nb2 35. Rd4 Kf6 36. Ne4+ Ke7 37. c5 f5 38. Rd6 Rxc5 39. Nxc5 Kxd6 40. Nb7+ Kc7 41. Na5 Kb6 42. Nb3 Nc4 43. Kd3 Nd6 44. Kd4 Kc6 45. Ke5 Ne8 46. Nd4+ Kd7 47. Kf4 Ke7 48. Kg5 Kf7 49. Nc6 h4 50. Ne5+ Kg7 51. Nxg6 h3 52. gxh3 Nd6 53. Ne7 Nf7+ 54. Kxf5 Kh6 55. Kg4 Ne5+ 56. Kg3 Kh5 57. Nd5 Nf7 58. f4 Nd6 59. Ne3 Ne4+ 60. Kf3 Nd2+ 61. Kg2 Ne4 62. Nf5 Nd2 63. Ng3+ Kh4 64. Nf5+ Kh5 65. Nd6 Nb1 66. Ne4 Na3 67. Kg3 Nc4 68. f5 Ne3 69. Kf4 Nxf5 70. Kxf5 Kh4 71. Nf2 Kh5 72. Kf4 Kh4 73. Kf3 Kh5 74. Kg3 Kg5 75. h4+ Kh5 76. Kh3 Kh6 77. Kg4 Kg6 78. h5+ Kh7 79. Kh4 Kh6 80. Ng4+ Kh7 81. Kg5 Kg7 82. h6+ Kh8 83. Kg6 Kg8 84. Ne5 Kh8 85. Nf7+ Kg8 86. h7+ Kf8 87. h8=Q+ 1-0


[Site "https://www.chess.com"]

[Event "Titled Tuesday Blitz March 08 Early 2022"]
[White "Coto Mederos, Michel"]
[Black "Molina, Roberto Junio Brito"]
[WhiteFideId "3508528"]
[BlackFideId "2109450"]
[WhiteElo "2427"]
[BlackElo "2432"]
[Result "0-1"]
[Round "02"]
[TimeControl "180+1"]
[Date "2022.03.09"]
[WhiteClock "0:00:16"]
[BlackClock "0:00:19"]

1. c4 c6 2. Nf3 d5 3. d4 Nf6 4. Nc3 dxc4 5. a4 Bf5 6. e3 e6 7. Bxc4 Bb4 8. O-O O-O 9. Nh4 Bg6 10. Nxg6 hxg6 11. Qe2 Nbd7 12. e4 e5 13. Rd1 exd4 14. Rxd4 Qe7 15. Bf4 Rfe8 16. Rad1 Bc5 17. Bd6 Bxd6 18. Rxd6 Ne5 19. Ba2 Rad8 20. Qd2 Rxd6 21. Qxd6 Qxd6 22. Rxd6 g5 23. f3 Kf8 24. Ne2 Ke7 25. Rd1 a5 26. Kf2 g6 27. Ke3 Rh8 28. h3 Nh5 29. Rd2 Rb8 30. g3 Nf6 31. f4 gxf4+ 32. gxf4 Ned7 33. e5 Nh5 34. Nc3 Nc5 35. Kf3 Ng7 36. Ne4 Nxe4 37. Kxe4 Rh8 38. Rd3 Rb8 39. Rd2 b5 40. axb5 Rxb5 41. Rc2 Rb4+ 42. Bc4 Ne6 43. b3 a4 44. Rb2 Nc5+ 45. Ke3 axb3 46. Kd4 Ne6+ 47. Kc3 Rb8 48. Bxe6 Kxe6 49. Rxb3 Rxb3+ 50. Kxb3 Kf5 51. Kc4 Kxf4 52. Kd4 g5 53. Kc5 Kxe5 54. Kxc6 f5 55. Kc5 f4 56. Kc4 Ke4 57. Kc3 Ke3 58. Kc2 Ke2 0-1


[Site "https://www.chess.com"]

[Event "Titled Tuesday Blitz March 08 Early 2022"]
[White "Csonka, Balazs"]
[Black "Butti, Enrique"]
[WhiteFideId "742910"]
[BlackFideId "3700470"]
[WhiteElo "2404"]
[BlackElo "2080"]
[Result "1-0"]
[Round "02"]
[TimeControl "180+1"]
[Date "2022.03.09"]
[WhiteClock "0:00:50"]
[BlackClock "0:01:06"]

1. e4 c5 2. Nf3 d6 3. Bb5+ Bd7 4. a4 Nc6 5. O-O Nf6 6. Re1 e6 7. c3 Be7 8. d4 cxd4 9. cxd4 d5 10. e5 Ne4 11. Nc3 Nxc3 12. bxc3 O-O 13. Bd3 f5 14. exf6 Bxf6 15. Ba3 Re8 16. Qb1 h6 17. Bh7+ Kh8 18. Bg6 Qc7 19. Bxe8 Rxe8 20. Qd3 Na5 21. Bb4 Nc4 22. a5 a6 23. Nd2 Bb5 24. Nxc4 Bxc4 25. Qg3 Qc6 26. Bd6 Bb5 27. Be5 Rf8 28. h4 Qc4 29. Re3 Qb3 30. Rae1 Qc2 31. Bxf6 1-0


[Site "https://www.chess.com"]

[Event "Titled Tuesday Blitz March 08 Early 2022"]
[White "Daneshvar, Bardiya"]
[Black "Pinheiro, Iung Alicio de O."]
[WhiteFideId "12576468"]
[BlackFideId "2104350"]
[WhiteElo "2295"]
[BlackElo "2572"]
[Result "1-0"]
[Round "02"]
[TimeControl "180+1"]
[Date "2022.03.08"]
[WhiteClock "0:00:54"]
[BlackClock "0:00:04"]

1. h3 c5 2. a3 b6 3. e4 Bb7 4. Nc3 e6 5. g4 Ne7 6. Bg2 d5 7. d3 dxe4 8. Bxe4 Nbc6 9. Nge2 Qd7 10. Bf4 Ng6 11. Bg3 Be7 12. Qd2 Nh4 13. O-O-O Nd4 14. Bxb7 Qxb7 15. Nxd4 cxd4 16. Nb5 O-O 17. Nxd4 Qd5 18. Nb3 Rfc8 19. Kb1 a5 20. Qe3 a4 21. Nc1 b5 22. Qe4 Qd7 23. d4 b4 24. axb4 a3 25. b3 a2+ 26. Ka1 Bxb4 27. Ne2 Ng6 28. c4 Qa7 29. h4 Qa5 30. Qc2 Ne7 31. Qb2 Ba3 32. Qd2 Bb4 33. Qd3 Nc6 34. h5 Be7 35. Qd2 Bb4 36. Qb2 Ba3 37. Qc2 Be7 38. h6 Nb4 39. Qc3 g6 40. Be5 Qa3 41. Rd2 Nd5 42. Qb2 Qxb2+ 43. Rxb2 Nb4 44. Rd1 f6 45. Bf4 Kf7 46. c5 Nd5 47. Rxa2 Rxa2+ 48. Kxa2 e5 49. dxe5 Nb4+ 50. Kb1 fxe5 51. Bxe5 Bxc5 52. f4 Nc6 53. Rd7+ Ke6 54. Rxh7 Nxe5 55. fxe5 Kxe5 56. Rg7 Kf6 57. Nf4 Be3 58. Nd5+ Kg5 59. Nxe3 Kxh6 60. Rf7 Rc3 61. Rf3 Rxb3+ 62. Kc2 Rb8 63. Kd3 Kg5 64. Ke2 Rd8 65. Kf2 Re8 66. Rf7 Ra8 67. Kf3 Ra3 68. Rd7 Rb3 69. Rd5+ Kh6 70. Kf4 Ra3 71. Re5 Ra4+ 72. Re4 Ra8 73. Nd5 Rf8+ 74. Kg3 Ra8 75. Kh4 g5+ 76. Kg3 Ra3+ 77. Re3 Ra4 78. Ne7 Ra5 79. Nf5+ Kg6 80. Re6+ Kf7 81. Rb6 Ra3+ 82. Kf2 Ra2+ 83. Ke3 Ra3+ 84. Ke4 Ra4+ 85. Nd4 Kg7 86. Ke5 Kf7 87. Rf6+ Kg7 88. Ne6+ Kg8 89. Kf5 Ra5+ 90. Kg6 Ra8 91. Nxg5 Kh8 92. Nf7+ Kg8 93. g5 Re8 94. Nd6 Ra8 95. Nf5 Kh8 96. Kh6 Rg8 97. g6 Re8 98. g7+ Kg8 99. Ne7+ 1-0


[Site "https://www.chess.com"]

[Event "Titled Tuesday Blitz March 08 Early 2022"]
[White "De Arruda, Leandro Formes"]
[Black "Aaditya Dhingra"]
[WhiteFideId "22722009"]
[BlackFideId "25678191"]
[WhiteElo "1852"]
[BlackElo "1849"]
[Result "0-1"]
[Round "02"]
[TimeControl "180+1"]
[Date "2022.03.09"]
[WhiteClock "0:00:01"]
[BlackClock "0:00:12"]

1. d4 Nf6 2. Nf3 e6 3. e3 b6 4. Bd3 Bb7 5. Nbd2 c5 6. O-O Nc6 7. c3 d6 8. Re1 Be7 9. Qe2 O-O 10. b3 e5 11. Bb2 Re8 12. e4 Bf8 13. d5 Ne7 14. a4 a6 15. Nc4 Ng6 16. g3 Rb8 17. Kg2 Bc8 18. Rh1 Nh5 19. Bc1 h6 20. Nfxe5 Nxe5 21. Nxe5 Rxe5 22. f4 Nxf4+ 23. Bxf4 Re8 24. Qd2 Be7 25. Raf1 Bf6 26. c4 Be5 27. Rf2 Bd4 28. Be3 Bxe3 29. Qxe3 Re5 30. Qf4 Qd7 31. Rhf1 Qh3+ 32. Kg1 f6 33. Be2 Bd7 34. Bf3 Rbe8 35. Bg2 Qh5 36. Qd2 a5 37. Qd3 Bh3 38. Bxh3 Qxh3 39. Rf4 Qh5 40. Kg2 Qg6 41. Re1 Kf7 42. Qf3 Ke7 43. h3 Kd7 44. g4 Kc7 45. Re2 Qh7 46. Qd3 R8e7 47. Qf3 Qg8 48. Qd3 Qe8 49. Qf3 h5 50. Qd3 hxg4 51. Rxg4 g5 52. Qf3 f5 53. Rxg5 fxe4 0-1


[Site "https://www.chess.com"]

[Event "Titled Tuesday Blitz March 08 Early 2022"]
[White "Dejmek, Mark"]
[Black "Urbina Perez, Juan Antonio"]
[WhiteFideId "2017628"]
[BlackFideId "2217368"]
[WhiteElo "2253"]
[BlackElo "2192"]
[Result "0-1"]
[Round "02"]
[TimeControl "180+1"]
[Date "2022.03.09"]
[WhiteClock "0:00:04"]
[BlackClock "0:01:00"]

1. Nf3 Nf6 2. g3 g6 3. b4 Bg7 4. Bb2 O-O 5. Bg2 a5 6. b5 c6 7. c4 Qb6 8. a4 d5 9. cxd5 cxb5 10. axb5 Qxb5 11. Ra2 Nxd5 12. Bxg7 Kxg7 13. O-O Nb4 14. Na3 Qf5 15. Qa1+ Kg8 16. Rb2 N8c6 17. Nc4 Be6 18. Nb6 Ra6 19. Na4 Rd8 20. d3 Qf6 21. Nc5 Raa8 22. Nxe6 Qxe6 23. Re1 Rac8 24. Qa4 b6 25. h4 h5 26. Ng5 Qf6 27. Rbb1 Nd4 28. e3 Ne6 29. d4 Nxg5 30. hxg5 Qxg5 31. Rbc1 Qf6 32. Rxc8 Rxc8 33. Qb5 Rc2 34. Rf1 Kg7 35. d5 Qd6 36. e4 Qc5 37. Qd7 Qd6 38. Qb5 Rc5 39. Qe2 f6 40. Qe3 Rc2 41. f4 Qc5 42. Qxc5 Rxc5 43. Re1 a4 44. Rb1 a3 45. e5 a2 46. Ra1 fxe5 47. fxe5 Rc2 48. Be4 Re2 49. d6 exd6 50. exd6 Rxe4 51. Kf2 Rd4 0-1


[Site "https://www.chess.com"]

[Event "Titled Tuesday Blitz March 08 Early 2022"]
[White "Demin, Vladimir"]
[Black "Leiva, Gianmarco"]
[WhiteFideId "4167457"]
[BlackFideId "3804399"]
[WhiteElo "2524"]
[BlackElo "2311"]
[Result "0-1"]
[Round "02"]
[TimeControl "180+1"]
[Date "2022.03.09"]
[WhiteClock "0:00:07"]
[BlackClock "0:00:14"]

1. d4 Nf6 2. g4 h6 3. h3 c5 4. c3 cxd4 5. cxd4 Nc6 6. Nf3 d5 7. Nc3 e6 8. Bg2 Be7 9. O-O O-O 10. a3 b6 11. b4 Bb7 12. Bf4 Rc8 13. Rc1 Ne4 14. Qd3 Nd6 15. Ne5 Nxe5 16. Bxe5 Nc4 17. e4 Nxa3 18. exd5 exd5 19. Nxd5 Bxd5 20. Bxd5 Qxd5 21. Qxa3 a5 22. Qe3 Bxb4 23. g5 h5 24. g6 fxg6 25. Qg5 Qe6 26. Rxc8 Rxc8 27. Rd1 Bd6 28. f4 Bxe5 29. fxe5 Qxh3 30. Qxg6 Qe3+ 31. Kh2 Qf4+ 32. Kg2 Rf8 33. Rg1 Qf2+ 34. Kh3 Rf3+ 35. Rg3 Rxg3+ 36. Qxg3 Qxg3+ 37. Kxg3 g5 0-1


[Site "https://www.chess.com"]

[Event "Titled Tuesday Blitz March 08 Early 2022"]
[White "Derakhshani, Borna"]
[Black "Tsatsalashvili, Keti"]
[WhiteFideId "12518450"]
[BlackFideId "13603434"]
[WhiteElo "2035"]
[BlackElo "2246"]
[Result "0-1"]
[Round "02"]
[TimeControl "180+1"]
[Date "2022.03.09"]
[WhiteClock "0:01:31"]
[BlackClock "0:01:01"]

1. Nf3 Nf6 2. b3 c5 3. Bb2 e6 4. g3 Be7 5. Bg2 O-O 6. c4 Nc6 7. O-O d5 8. cxd5 Nxd5 9. Nc3 Bf6 10. Rc1 Nxc3 11. Bxc3 Bxc3 12. dxc3 Qe7 13. Qc2 Bd7 14. h4 h6 15. Rfd1 Rfd8 16. Rd2 Be8 17. Rcd1 Rxd2 18. Rxd2 Rd8 19. Qd1 Qf6 20. Rxd8 Qxd8 21. Qxd8 Nxd8 22. Ne5 f6 23. Nd3 b6 24. b4 cxb4 25. cxb4 Bc6 26. Bh3 Kf7 27. Nb2 Bd5 28. a3 Nc6 29. Nd1 Nd4 30. Nc3 Bc4 31. e3 Nc2 32. a4 Nxb4 33. Bg2 Nd5 34. Ne4 Ke7 35. Nd2 Bd3 36. g4 Bc2 37. a5 bxa5 38. Nc4 a4 39. Na3 Bd3 40. e4 Nb6 41. Bf1 Bxe4 42. Bb5 Kd6 43. Kf1 Kc5 44. Be8 Kb4 0-1


[Site "https://www.chess.com"]

[Event "Titled Tuesday Blitz March 08 Early 2022"]
[White "Derige Kane, Yan"]
[Black "Zakharov, Alexander S."]
[WhiteFideId "20665431"]
[BlackFideId "4120132"]
[WhiteElo "2169"]
[BlackElo "2417"]
[Result "0-1"]
[Round "02"]
[TimeControl "180+1"]
[Date "2022.03.09"]
[WhiteClock "0:00:32"]
[BlackClock "0:00:23"]

1. Nf3 d5 2. g3 Nf6 3. Bg2 g6 4. O-O Bg7 5. c4 c6 6. cxd5 cxd5 7. d4 O-O 8. Nc3 Nc6 9. Bf4 Ne4 10. Nxe4 dxe4 11. Ne5 Nxd4 12. Bxe4 Ne6 13. Qc1 Qd4 14. Nc6 Qxe4 15. Nxe7+ Kh8 16. f3 Qxe2 17. Nd5 Nd4 18. Qc3 Qe6 19. Nc7 Ne2+ 20. Kh1 Nxc3 21. Nxe6 Bxe6 22. bxc3 Bxc3 23. Rac1 Bf6 24. a4 Rac8 25. Rb1 b6 26. a5 bxa5 27. Rb5 Bc3 28. Rc1 Bb4 29. Rd1 Rfd8 30. Be5+ Kg8 31. Rf1 Rd2 0-1


[Site "https://www.chess.com"]

[Event "Titled Tuesday Blitz March 08 Early 2022"]
[White "Derraugh, Geordie"]
[Black "Funderburg, John T"]
[WhiteFideId "2603950"]
[BlackFideId "2004992"]
[WhiteElo "2116"]
[BlackElo "2023"]
[Result "1-0"]
[Round "02"]
[TimeControl "180+1"]
[Date "2022.03.09"]
[WhiteClock "0:01:14"]
[BlackClock "0:00:01"]

1. e4 e6 2. d4 d5 3. Nd2 Nc6 4. Ngf3 Nf6 5. e5 Nd7 6. Bd3 f6 7. exf6 Qxf6 8. c3 Bd6 9. O-O O-O 10. Re1 e5 11. Qb3 Nb6 12. Ne4 Qf7 13. Neg5 Qh5 14. Bxh7+ Kh8 15. dxe5 Bc5 16. Bd3 Bg4 17. Qc2 Bxf3 18. Nxf3 Rxf3 19. gxf3 Qxf3 20. Qe2 Qh3 21. Qf1 Qh4 22. Be3 Nxe5 23. Qg2 Bd6 24. Be2 Rf8 25. Rad1 c6 26. Rd4 Qh7 27. Rf4 Rxf4 28. Bxf4 1-0


[Site "https://www.chess.com"]

[Event "Titled Tuesday Blitz March 08 Early 2022"]
[White "Dilmukhametov, Artur"]
[Black "Aggelis, Nikolaos"]
[WhiteFideId "24179922"]
[BlackFideId "4213220"]
[WhiteElo "2237"]
[BlackElo "2154"]
[Result "0-1"]
[Round "02"]
[TimeControl "180+1"]
[Date "2022.03.09"]
[WhiteClock "0:00:10"]
[BlackClock "0:01:41"]

1. d4 Nf6 2. c4 g6 3. Nc3 d5 4. Nf3 Bg7 5. Bg5 dxc4 6. e3 Be6 7. Be2 O-O 8. Bxf6 exf6 9. d5 Bg4 10. Bxc4 f5 11. O-O Nd7 12. h3 Bxf3 13. Qxf3 Ne5 14. Qe2 Nxc4 15. Qxc4 a6 16. a4 Qd6 17. Rfd1 Rfd8 18. f3 Qb6 19. Ra2 Qxe3+ 20. Kh1 Bxc3 21. bxc3 Rd7 22. Re2 Qb6 23. Red2 Rad8 24. g4 fxg4 25. hxg4 Qe3 26. Rd3 Qe2 27. Qe4 Qxe4 28. fxe4 c6 29. c4 cxd5 30. cxd5 b5 31. axb5 axb5 32. Rb3 Re7 33. Rb4 Kg7 34. Rdd4 Rb7 35. Kg2 Kf6 36. Kf3 Ke5 37. Ke3 Ra8 38. g5 Ra3+ 39. Rd3 Ra1 40. Kf2 Rc1 41. Kf3 Rc4 42. Rxc4 bxc4 43. Rc3 Rb3 44. Rxb3 cxb3 45. Ke2 b2 46. Kd2 b1=Q 47. Ke3 Qxe4+ 48. Kf2 Qxd5 49. Kg3 Qe4 50. Kh2 Qg4 51. Kh1 Qxg5 52. Kh2 Kf4 53. Kh3 Qg3# 0-1


[Site "https://www.chess.com"]

[Event "Titled Tuesday Blitz March 08 Early 2022"]
[White "Dixit, Nikhil"]
[Black "Mirzanurov, Bulat"]
[WhiteFideId "5059534"]
[BlackFideId "4184521"]
[WhiteElo "2223"]
[BlackElo "2116"]
[Result "1-0"]
[Round "02"]
[TimeControl "180+1"]
[Date "2022.03.09"]
[WhiteClock "0:00:17"]
[BlackClock "0:01:03"]

1. e4 c5 2. Nf3 d6 3. Bb5+ Bd7 4. Qe2 Bxb5 5. Qxb5+ Qd7 6. Qxd7+ Nxd7 7. c4 Ngf6 8. Nc3 a6 9. d3 Rb8 10. a4 b6 11. Bg5 h6 12. Bxf6 Nxf6 13. Nd2 e6 14. Nf1 g5 15. Ne3 Bg7 16. Kd2 Nd7 17. g3 h5 18. f3 Ke7 19. h4 f6 20. Ke2 Ne5 21. hxg5 fxg5 22. f4 Nf7 23. f5 Bxc3 24. bxc3 b5 25. axb5 axb5 26. Ra7+ Kf6 27. fxe6 Kxe6 28. Nd5 Rhg8 29. Re7# 1-0


[Site "https://www.chess.com"]

[Event "Titled Tuesday Blitz March 08 Early 2022"]
[White "Domingo Nunez, Alejandro"]
[Black "Wong, Yinn Long"]
[WhiteFideId "22245561"]
[BlackFideId "5707684"]
[WhiteElo "2215"]
[BlackElo "2055"]
[Result "1/2-1/2"]
[Round "02"]
[TimeControl "180+1"]
[Date "2022.03.08"]
[WhiteClock "0:00:55"]
[BlackClock "0:01:01"]

1. Nf3 Nf6 2. c4 e6 3. Nc3 d5 4. b3 Be7 5. e3 O-O 6. Bb2 c5 7. cxd5 Nxd5 8. Nxd5 exd5 9. d4 Nc6 10. Be2 cxd4 11. Nxd4 Bb4+ 12. Kf1 Be7 13. Rc1 Bd7 14. Qd2 Rc8 15. Nf3 Bf5 16. g4 Be4 17. h4 Bf6 18. Ba3 Be7 19. Bb2 Bb4 20. Qd1 Be7 21. Qd2 1/2-1/2


[Site "https://www.chess.com"]

[Event "Titled Tuesday Blitz March 08 Early 2022"]
[White "Donchenko, Alexander"]
[Black "Rangel, Daniel"]
[WhiteFideId "24603295"]
[BlackFideId "2124475"]
[WhiteElo "2539"]
[BlackElo "2225"]
[Result "1-0"]
[Round "02"]
[TimeControl "180+1"]
[Date "2022.03.09"]
[WhiteClock "0:00:25"]
[BlackClock "0:00:08"]

1. e4 c6 2. d4 d5 3. exd5 cxd5 4. Bd3 Nf6 5. h3 g6 6. Nf3 Bg7 7. O-O Bf5 8. Bb5+ Bd7 9. a4 O-O 10. Re1 Nc6 11. c3 Ne4 12. Nbd2 Nd6 13. Bf1 Re8 14. Ne5 Nxe5 15. dxe5 Nf5 16. Nf3 e6 17. Bg5 Qb6 18. Qd2 Rac8 19. a5 Qc7 20. Qf4 a6 21. Qd2 Qc5 22. g4 Ne7 23. Be3 Qc7 24. Bb6 Qb8 25. h4 Bb5 26. Bxb5 axb5 27. h5 Rc4 28. Bd4 Nc6 29. b3 Nxd4 30. cxd4 Rc6 31. Rec1 Rec8 32. Ne1 Bf8 33. Nd3 Qa7 34. Qe3 Rxc1+ 35. Nxc1 Bb4 36. Nd3 Bc3 37. Rc1 Rc6 38. Nc5 Qxa5 39. Qxc3 Qxc3 40. Rxc3 b6 41. Ne4 Rxc3 42. Nxc3 Kf8 43. Nxb5 Ke7 44. h6 Kd7 45. Kg2 Kc6 46. Nd6 f5 47. Kf3 fxg4+ 48. Kxg4 Kd7 49. Kg5 Ke7 50. Nc8+ Kd7 51. Nxb6+ Kc6 52. Nc8 Kb5 53. Kf6 Kb4 54. Kxe6 g5 55. Kxd5 g4 56. e6 Kxb3 57. e7 g3 58. fxg3 1-0


[Site "https://www.chess.com"]

[Event "Titled Tuesday Blitz March 08 Early 2022"]
[White "Dounis, Alexandros"]
[Black "Neiksans, Arturs"]
[WhiteFideId "4213238"]
[BlackFideId "11601388"]
[WhiteElo "2204"]
[BlackElo "2447"]
[Result "0-1"]
[Round "02"]
[TimeControl "180+1"]
[Date "2022.03.09"]
[WhiteClock "0:00:20"]
[BlackClock "0:00:55"]

1. Nf3 f5 2. d3 Nc6 3. e4 e5 4. Nc3 Nf6 5. d4 exd4 6. Nxd4 fxe4 7. Bg5 Bb4 8. Bxf6 Qxf6 9. Nb5 O-O 10. Bc4+ Kh8 11. O-O Qe5 12. Nd5 a6 13. Nbxc7 Bd6 14. f4 exf3 15. Rxf3 Qxh2+ 16. Kf1 Rxf3+ 17. Qxf3 Ne5 18. Qh3 Qxh3 19. gxh3 Rb8 20. Be2 b5 21. Ne8 Bc5 22. b4 Bf8 23. Re1 Bb7 24. Nec7 Bd6 25. Bd1 Rc8 26. c3 g6 27. Bb3 Kg7 28. Ne8+ Rxe8 0-1


[Site "https://www.chess.com"]

[Event "Titled Tuesday Blitz March 08 Early 2022"]
[White "Dovbnia, Nikita"]
[Black "Manelyuk, Daniil"]
[WhiteFideId "54104599"]
[BlackFideId "44173920"]
[WhiteElo "2111"]
[BlackElo "2222"]
[Result "0-1"]
[Round "02"]
[TimeControl "180+1"]
[Date "2022.03.09"]
[WhiteClock "0:00:33"]
[BlackClock "0:00:52"]

1. Nf3 Nf6 2. g3 g6 3. Bg2 Bg7 4. O-O O-O 5. d3 c5 6. c4 Nc6 7. Nc3 e5 8. Bd2 d6 9. Qc1 Ne8 10. Bh6 f5 11. Bxg7 Nxg7 12. Nd5 Ne6 13. a3 a5 14. Qd2 e4 15. Ne1 Ned4 16. Rb1 exd3 17. Nxd3 Re8 18. e3 Nb3 19. Qc3 a4 20. Nf6+ Kf7 21. Bd5+ Be6 22. Nxe8 Qxe8 23. Nf4 Bxd5 24. Nxd5 Ne5 25. Nc7 Nf3+ 26. Kg2 Qe4 27. Rh1 Nh4+ 28. Kh3 Qg4# 0-1


[Site "https://www.chess.com"]

[Event "Titled Tuesday Blitz March 08 Early 2022"]
[White "Dubov, Daniil"]
[Black "Jaferian, Koosha"]
[WhiteFideId "24126055"]
[BlackFideId "12507440"]
[WhiteElo "2791"]
[BlackElo "2030"]
[Result "1-0"]
[Round "02"]
[TimeControl "180+1"]
[Date "2022.03.08"]
[WhiteClock "0:00:10"]
[BlackClock "0:00:04"]

1. d4 Nf6 2. Nf3 e6 3. c4 b6 4. g3 Ba6 5. Qc2 Bb4+ 6. Nbd2 O-O 7. Bg2 Bb7 8. O-O c5 9. d5 exd5 10. Nh4 Qc7 11. cxd5 Bxd5 12. Bxd5 Nxd5 13. Ndf3 c4 14. Rd1 Ne7 15. Bf4 d6 16. Rac1 b5 17. Ng5 Ng6 18. Qf5 Qd7 19. Nxg6 hxg6 20. Qd5 Qc6 21. Bxd6 Bxd6 22. Qxd6 Qxd6 23. Rxd6 a6 24. a4 Ra7 25. axb5 axb5 26. Rb6 Ra5 27. Rd1 Na6 28. Rd7 Nc5 29. Rc7 Nb3 30. Rbb7 Ra2 31. Nxf7 Re8 32. Ng5 Rd8 33. Rxg7+ Kh8 34. Rh7+ Kg8 35. Rbg7+ Kf8 36. Ne6+ Ke8 37. Rh8# 1-0


[Site "https://www.chess.com"]

[Event "Titled Tuesday Blitz March 08 Early 2022"]
[White "Dushyant Sharma"]
[Black "Gedgafov, Chamal"]
[WhiteFideId "25065130"]
[BlackFideId "34130621"]
[WhiteElo "2105"]
[BlackElo "2030"]
[Result "1-0"]
[Round "02"]
[TimeControl "180+1"]
[Date "2022.03.09"]
[WhiteClock "0:02:17"]
[BlackClock "0:02:12"]

1. e4 e6 2. d4 d5 3. exd5 exd5 4. Bd3 c5 5. c3 c4 6. Bc2 Nf6 7. Nf3 Be7 8. O-O O-O 9. Ne5 Nc6 10. f4 Ne4 11. Bxe4 dxe4 12. Nxc4 Be6 13. Ne3 Bd7 14. f5 f6 15. Nd2 Bd6 16. Nxe4 Bc7 17. Nc5 Re8 18. Qf3 b6 19. Nxd7 Qxd7 20. Bd2 Rad8 21. Rae1 Qd6 22. Qh3 Ne7 23. Ng4 Nd5 24. Re6 Qd7 25. Rfe1 Rxe6 26. fxe6 Qd6 27. Qh5 g6 28. Qxd5 1-0


[Site "https://www.chess.com"]

[Event "Titled Tuesday Blitz March 08 Early 2022"]
[White "Dwilewicz, Katarzyna"]
[Black "Tari, Aryan"]
[WhiteFideId "1148486"]
[BlackFideId "1510045"]
[WhiteElo "1907"]
[BlackElo "2567"]
[Result "0-1"]
[Round "02"]
[TimeControl "180+1"]
[Date "2022.03.09"]
[WhiteClock "0:00:01"]
[BlackClock "0:01:21"]

1. e4 c6 2. d4 d5 3. exd5 cxd5 4. Bd3 Nc6 5. c3 Nf6 6. Bf4 Bg4 7. Qb3 Qd7 8. Nd2 e6 9. Ngf3 Bd6 10. Bxd6 Qxd6 11. O-O O-O 12. Rfe1 a6 13. Ne5 Bh5 14. Qxb7 Ne7 15. Qb3 Rfb8 16. Qc2 Bg6 17. Ndf3 a5 18. Nxg6 hxg6 19. Ne5 a4 20. Re2 a3 21. b3 Nc6 22. Nxc6 Qxc6 23. c4 Qb6 24. c5 Qb4 25. Rd1 Rc8 26. Qc1 Qxd4 27. Bxg6 Qxc5 28. Rc2 Qf8 29. Bd3 Rxc2 30. Qxc2 Rc8 31. Qd2 Qc5 32. h3 g6 33. b4 Qe7 34. b5 Nd7 35. Rb1 Nb6 36. Qa5 Qc5 37. Rb3 Qc1+ 38. Kh2 Qf4+ 39. Kg1 Rc1+ 40. Bf1 Nc4 41. Rf3 Qd4 42. Qd8+ Kg7 43. Qd7 Rxf1+ 44. Kh2 Qe5+ 45. g3 Nd6 46. b6 Qe2 47. Kg2 Qd1 48. Qxd6 Rg1+ 0-1


[Site "https://www.chess.com"]

[Event "Titled Tuesday Blitz March 08 Early 2022"]
[White "Erigaisi Arjun"]
[Black "Rastbod, Ali"]
[WhiteFideId "35009192"]
[BlackFideId "12567477"]
[WhiteElo "2745"]
[BlackElo "2200"]
[Result "1-0"]
[Round "02"]
[TimeControl "180+1"]
[Date "2022.03.08"]
[WhiteClock "0:02:24"]
[BlackClock "0:01:26"]

1. Nf3 d5 2. c4 d4 3. e3 Nc6 4. b4 dxe3 5. fxe3 Nxb4 6. Nc3 c5 7. d4 e6 8. a3 Nc6 9. d5 Na5 10. e4 Nf6 11. e5 Ng4 12. h3 Nxe5 13. Nxe5 Qh4+ 14. Ke2 Bd6 15. Qa4+ Ke7 16. Qxa5 Bxe5 17. Qxc5+ Bd6 18. Bg5+ Qxg5 19. Qxd6+ Kxd6 20. Ne4+ Ke7 21. Nxg5 exd5 22. cxd5 Bf5 23. g4 Bg6 24. Bg2 Rhd8 25. Rac1 Rac8 26. h4 h6 27. h5 hxg5 28. hxg6 fxg6 29. Rxc8 Rxc8 30. Kd3 Rf8 31. Re1+ Kd7 32. Rf1 Rxf1 33. Bxf1 Kd6 34. Kd4 1-0


[Site "https://www.chess.com"]